 Dungeon Crawl Stone Soup version 0.26.0-10-g1f06aea511 (webtiles) character file.

Game seed: 12190279093233020145

499 Amaterasu the Sneak (level 7, -1/40 HPs)
             Began as a Kobold Enchanter on Feb 1, 2021.
             Was an Initiate of Dithmenos.
             Slain by Menkaure (23 damage)
             ... on level 5 of the Dungeon.
             The game lasted 00:10:02 (4077 turns).

Amaterasu the Sneak (Kobold Enchanter)              Turns: 4077, Time: 00:10:03

Health: -1/40      AC:  8    Str:  5    XL:     7   Next: 39%
Magic:  9/11       EV: 15    Int: 17    God:    Dithmenos [......]
Gold:   352        SH:  0    Dex: 17    Spells: 3/12 levels left

rFire    . . .     SeeInvis .   e - +1 dagger (speed)
rCold    . . .     Faith    .   (shield restricted)
rNeg     . . .     Spirit   .   g - +1 robe {Will+}
rPois    .         Reflect  .   d - +2 helmet
rElec    .         Harm     .   (no cloak)
rCorr    .         Rampage  .   t - +0 pair of gloves
Will     +....                  h - +0 pair of boots
Stlth    ++++......             (no amulet)
HPRegen  0.13/turn              (no ring)
MPRegen  0.12/turn              (no ring)

@: no status effects
A: small, nightstalker 3
a: Renounce Religion


You were on level 5 of the Dungeon.
You worshipped Dithmenos.
Dithmenos was noncommittal.
You visited 1 branch of the dungeon, and saw 5 of its levels.

You collected 352 gold pieces.

Inventory:

Hand Weapons
 e - a +1 dagger of speed (weapon)
Armour
 d - a +2 helmet (worn)
 g - a +1 robe of willpower (worn)
 h - a +0 pair of boots (worn)
 t - a +0 pair of gloves (worn)
Jewellery
 a - an uncursed ring of willpower
Wands
 f - a wand of acid (9)
 n - a wand of disintegration (11)
Scrolls
 m - 2 scrolls of fog
 p - a scroll of teleportation
 r - 2 scrolls of identify
 s - a scroll of blinking {unknown}
Potions
 b - a potion of lignification
 c - a potion of might
 i - a potion of attraction
 j - a potion of curing
 k - 2 potions of heal wounds {unknown}
 l - a potion of ambrosia {unknown}
 o - a potion of haste {unknown}
 q - a potion of brilliance {unknown}


   Skills:
 - Level 2.0 Fighting
 - Level 5.0 Short Blades
 - Level 2.4 Dodging
 * Level 6.5 Stealth
 - Level 3.0 Spellcasting
 * Level 0.9 Conjurations
 * Level 4.3 Hexes
 * Level 1.8 Ice Magic
 * Level 0.2 Invocations


You had 3 spell levels left.
You knew the following spells:

 Your Spells              Type           Power        Failure   Level
a - Corona                Hex            18%          3%          1
b - Confusing Touch       Hex            17%          9%          3
c - Ensorcelled Hibernat  Hex/Ice        26%          8%          2
d - Dazzling Flash        Conj/Hex       22%          17%         3

Your spell library contained the following spells:

 Spells                   Type           Power        Failure   Level
 Tukima's Dance           Hex            17%          9%          3


Dungeon Overview and Level Annotations

Branches:
Dungeon (5/15)
 Temple: D:4-7

Altars:
Dithmenos
Fedhas
Okawaru
Zin

Annotations:
D:5 Menkaure


Innate Abilities, Weirdness & Mutations

You are small and have problems with some larger weapons.
You are completely attuned to the shadows.


Message History

Casting: Ensorcelled Hibernation (safe; 8% risk of failure)
Confirm with . or Enter, or press ? or * to list all spells.
Aiming: Corona (safe; 3% risk of failure)
Press: ? - help, Shift-Dir - straight line, f - Menkaure
Aim: Menkaure (chance to affect: 54%) Menkaure struggles to resist.
Casting: Corona (safe; 3% risk of failure)
Confirm with . or Enter, or press ? or * to list all spells.
Aiming: Corona (safe; 3% risk of failure)
Press: ? - help, Shift-Dir - straight line, f/p - Menkaure
Aim: Menkaure (chance to affect: 54%) Menkaure is outlined in light.
Menkaure hits you!!
You hit Menkaure but do no damage. You hit Menkaure but do no damage.
Menkaure closely misses you.
You hit Menkaure but do no damage. You hit Menkaure.
Menkaure is lightly damaged.
Menkaure hits you!!
Ouch! That really hurt!
You die...

.....##...#
#.#
.....##...#
#..
..........#
#..
......##..#
#..
......##...
#..
...........
#.#
..#.##.....
#.#
..#.....:..
#.#
#.#.@....
#.# .
#..M... #..
#..w... #.#
..###.# #.#
### .. #.#
#.. #..
.... ..#..


You could see Menkaure (corona) and a worm.

Vanquished Creatures
  Edmund (D:4)
  An ogre (D:4)
  A hound (D:4)
  2 orc wizards (D:2)
  Ijyb (D:3)
  An iguana (D:4)
  A worker ant (D:4)
  3 adders (D:4)
  An ooze (D:3)
  4 dart slugs
  2 leopard geckos
  5 orcs
  3 giant cockroaches
  10 goblins
  8 hobgoblins
  12 jackals
  2 quokkas (D:3)
  10 bats
  11 kobolds
  15 rats
94 creatures vanquished.

Vanquished Creatures (others)
  8 fungi (D:2)
  5 toadstools (D:2)
13 creatures vanquished.

Grand Total: 107 creatures vanquished

Notes
Turn   | Place    | Note
-------+----------+-------------------------------------------
     0 | D:1      | Amaterasu the Kobold Enchanter began the quest for the Orb.
     0 | D:1      | Reached XP level 1. HP: 10/10 MP: 3/3
   137 | D:1      | Reached XP level 2. HP: 16/16 MP: 5/5
   691 | D:1      | Reached XP level 3. HP: 20/20 MP: 6/6
   966 | D:1      | Learned a level 3 spell: Confusing Touch
   969 | D:1      | Learned a level 2 spell: Ensorcelled Hibernation
  1164 | D:2      | Reached XP level 4. HP: 24/24 MP: 7/7
  1300 | D:2      | Reached skill level 1 in Fighting
  1349 | D:2      | Reached XP level 5. HP: 9/29 MP: 1/9
  1863 | D:3      | Noticed Ijyb
  1867 | D:3      | Killed Ijyb
  2732 | D:3      | Reached skill level 1 in Ice Magic
  2887 | D:4      | Noticed an ogre
  2891 | D:4      | Killed an ogre
  2892 | D:4      | Reached XP level 6. HP: 35/35 MP: 10/10
  2896 | D:4      | Learned a level 3 spell: Dazzling Flash
  2968 | D:4      | You fall into a shaft and drop 1 floor!
  2968 | D:5      | Entered Level 5 of the Dungeon
  2980 | D:4      | Noticed Edmund
  2998 | D:4      | Killed Edmund
  2999 | D:4      | Reached skill level 5 in Short Blades
  2999 | D:4      | Reached skill level 5 in Stealth
  2999 | D:4      | Reached XP level 7. HP: 26/40 MP: 3/11
  3133 | D:4      | Reached skill level 6 in Stealth
  3377 | D:4      | Found a glowing silver altar of Zin.
  3377 | D:4      | Found a blossoming altar of Fedhas.
  3377 | D:4      | Found a shadowy altar of Dithmenos.
  3402 | D:4      | Found an iron altar of Okawaru.
  3423 | D:4      | Became a worshipper of Dithmenos the Shadowed
  4067 | D:5      | Noticed Menkaure
  4077 | D:5      | Slain by Menkaure

Illustrated notes

Levels and vault maps discovered:
D:1:      minmay_arrival_doors, layout_basic
D:2:      layout_rooms, minmay_gold_behind_fungi
D:3:      layout_basic, uniq_ijyb
D:4:      layout_basic, gammafunk_temple_overflow_claw, kennysheep_little_box,
          chequers_serial_rivers_marsh, uniq_edmund
D:5:      layout_basic, lemuel_zombie_altar_yredelemnul,
          nicolae_overflow_crystal_walls, uniq_menkaure

Skill      XL: |  1  2  3  4  5  6  7 |
---------------+----------------------+-----
Short Blades   | 2 3 4 5 |  5.0
Fighting       | 1 2 |  2.0
Hexes          | 4 |  4.3
Ice Magic      | 1 |  1.8
Spellcasting   | 3 |  3.0
Stealth        | 5 6 |  6.5
Dodging        | |  2.4
Conjurations   | |  0.9
Invocations    | |  0.2

Action                   |  1- 3 |  4- 6 |  7- 9 || total
-------------------------+-------+-------+-------++-------
Melee: Dagger            |   165 |   257 |    31 ||   453
 Cast: Confusing Touch   |       |     4 |       ||     4
       Ensorcelled Hiber |       |     3 |     2 ||     5
       Corona            |       |       |     2 ||     2
  Use: Scroll            |     4 |     5 |     2 ||    11
 Stab: Sleeping          |    16 |    20 |     4 ||    40
       Confused          |       |     3 |       ||     3
Armor: Robe              |    21 |    46 |     2 ||    69
Dodge: Dodged            |    77 |   146 |    13 ||   236
